AoeStats
← [POKR]Benzunum

African Clearing

510457971Analyzed
3v3 RM · 14h ago on Oct 1, 2026· 48m 5s· 6 players
Game mode
Random Map
Map size
Normal (6 player)
Population
200
Speed
Normal
Resources
Standard
Victory
Conquest
Starting age
Dark Age
Ending age
Imperial Age
RankedLock teamsTeams togetherTeam positionsShared explorationLock speedFull tech treeHidden civsTurbo modeCheats
Victory
Defeat
🇦🇷 Aztecs · Argentina
1232
+17
🇦🇷 Varangians · Argentina
1228
+17
🇦🇷 Huns · Argentina
1201
+18
🇨🇴 Wei · Colombia
1264
-17
🇨🇴 Berbers · Colombia
1263
-18
🇨🇴 Spanish · Colombia
1237
-17
Cuando florezca el Chuño
13:46 Loom
15:36 Feudal Age
13:52 Loom
15:44 Feudal Age
16:39 Double-Bit Axe
19:11 Town Watch
25:32 Fletching
27:34 Horse Collar
30:29 Castle Age
28:54 Scale Mail Armor
29:01 Gold Mining
29:41 Forging
31:30 Chain Mail Armor
31:17 Eagle Warrior
34:07 Iron Casting
34:22 Squires
34:41 Redemption
34:48 Arson
37:23 Sanctity
40:04 Heavy Plow
41:55 Wheelbarrow
41:40 Bodkin Arrow
48:16 Imperial Age
47:42 Hand Cart
JPA.Cooke
5:50 Loom
15:22 Feudal Age
19:36 Castle Age
18:05 Double-Bit Axe
18:47 Bloodlines
19:15 Scale Barding Armor
19:22 Gold Mining
19:31 Stone Mining
24:35 Husbandry
26:21 Chain Barding Armor
28:35 Forging
30:20 Iron Casting
29:46 Herbal Medicine
30:46 Wheelbarrow
33:05 Town Watch
33:44 Fletching
37:34 Ballistics
40:35 Horse Collar
43:28 Hand Cart
45:06 Heavy Plow
45:12 Bodkin Arrow
50:41 Imperial Age
Ibz1
10:40 Loom
13:05 Feudal Age
14:02 Double-Bit Axe
17:51 Castle Age
17:25 Bloodlines
17:18 Scale Mail Armor
17:35 Scale Barding Armor
27:18 Husbandry
28:29 Chain Barding Armor
29:45 Horse Collar
30:19 Bow Saw
31:34 Heavy Plow
33:26 Wheelbarrow
37:13 Forging
37:58 Marauders
40:35 Imperial Age
38:15 Town Watch
38:24 Gold Mining
38:25 Stone Mining
39:20 Hand Cart
40:15 Gold Shaft Mining
40:17 Iron Casting
42:16 Plate Barding Armor
41:21 Cavalier
42:27 Conscription
43:52 Blast Furnace
43:21 Elite Tarkan
46:29 Fletching
46:30 Paladin
[POKR]Benzunum
14:05 Feudal Age
16:11 Loom
20:10 Castle Age
18:04 Double-Bit Axe
18:03 Horse Collar
19:53 Stone Mining
22:22 Padded Archer Armor
22:52 Bow Saw
23:09 Husbandry
35:02 Leather Archer Armor
35:38 Scale Barding Armor
36:22 Light Cavalry
40:20 Bloodlines
40:58 Forging
42:30 Chain Barding Armor
43:14 Iron Casting
43:01 Heavy Plow
43:40 Wheelbarrow
44:14 Town Watch
47:26 Imperial Age
47:31 Fletching
Tizon
8:47 Loom
17:21 Feudal Age
18:09 Horse Collar
18:24 Double-Bit Axe
24:04 Castle Age
24:04 Forging
25:50 Stone Mining
26:08 Man-at-Arms
31:01 Stone Shaft Mining
31:13 Scale Mail Armor
33:05 Pikeman
33:46 Squires
34:27 Bow Saw
35:27 Gold Mining
36:17 Bloodlines
36:26 Scale Barding Armor
37:35 Wheelbarrow
38:20 Tuntian
41:50 Hand Cart
43:45 Gold Shaft Mining
47:43 Imperial Age
Splattcol
7:53 Loom
12:08 Feudal Age
16:30 Town Watch
17:25 Wheelbarrow
16:56 Double-Bit Axe
26:04 Castle Age
26:09 Fletching
43:29 Horse Collar
44:56 Bodkin Arrow
47:19 Hand Cart
Connection lost

Rejoining the realm…

Still unreachable

The connection could not be restored.

Session expired

The server has moved on; the page needs a fresh start.